Map: 2000 Atmospheres LE

Players

PartinG

  • Race: Protoss Protoss

HeroMarine - Winner!

  • Race: Terran Terran

Event: DreamHack SC2 Masters 2021 Fall

VOD

Have the link to the VOD?

Description

Time

  • Played on: Sept. 7, 2021, 10:59 a.m.
  • Length: 12:58

All games in this series

Show
View Real Time Build Order
Export as new Build Order

PartinG Protoss 

Build Orders: 1 Gate Expand, Blink Stalkers, Dark Templar Rush 

Get SALT Encoding   

  12  0:00  Probe  
  13  0:12  Probe  
  14  0:16  Pylon  
  14  0:24  Probe (Chrono Boost)  
  16  0:36  Gateway  
  16  0:37  Probe (Chrono Boost)  
  16  0:43  Probe (Chrono Boost)  
  16  0:45  Assimilator  
  17  0:51  Probe  
  18  1:03  Probe  
  19  1:15  Probe  
  20  1:23  Cybernetics Core  
  20  1:31  Nexus  
  20  1:34  Probe  
  21  1:41  Pylon  
  21  1:48  Probe  
  21  1:53  Assimilator  
  22  1:56  Adept (Chrono Boost)  
  24  2:02  Shield Battery  
  24  2:05  Probe  
  25  2:09  Warp Gate  
  25  2:16  Adept (Chrono Boost)  
  25  2:17  Probe  
  28  2:29  Probe  
  29  2:34  Twilight Council  
  29  2:39  Pylon  
  30  2:44  Probe (Chrono Boost)  
  30  2:45  Probe (Chrono Boost)  
  31  2:54  Probe (Chrono Boost)  
  31  2:56  Adept, Probe (Chrono Boost)  
  35  2:59  Probe  
  37  3:05  Probe  
  37  3:12  Dark Shrine  
  37  3:15  Probe  
  37  3:17  Probe  
  39  3:21  Gateway  
  39  3:28  Probe (Chrono Boost)  
  41  3:35  Probe (Chrono Boost)  
  41  3:36  Gateway  
  41  3:39  Probe (Chrono Boost)  
  42  3:43  Probe x2 (Chrono Boost)  
  44  3:49  Assimilator  
  44  3:50  Blink (Chrono Boost)  
  44  3:54  Probe  
  44  3:55  Probe  
  46  4:01  Stalker  
  48  4:06  Probe  
  48  4:07  Probe  
  50  4:14  Pylon  
  50  4:20  Probe x2  
  52  4:24  Dark Templar  
  52  4:28  Nexus  
  54  4:32  Dark Templar  
  54  4:35  Probe x2  
  54  4:36  Pylon  
  58  4:42  Stalker  
  60  4:47  Pylon  
  60  4:50  Probe x2  
  47  5:01  Stalker  
  47  5:02  Probe  
  47  5:03  Probe  
  51  5:09  Stalker  
  53  5:15  Probe x2  
  53  5:17  Stalker  
  53  5:20  Robotics Facility  
  57  5:27  Probe x2  
  57  5:32  Sentry, Stalker  
  61  5:35  Charge  
  61  5:42  Phoenix  
  61  5:48  Probe x2 (Chrono Boost)  
  62  5:50  Stalker  
  62  5:53  Assimilator  
  62  5:55  Probe (Chrono Boost)  
  65  6:00  Probe x2 (Chrono Boost)  
  68  6:05  Stalker x2, Probe (Chrono Boost)  
  68  6:09  Observer  
  68  6:11  Pylon  
  71  6:21  Shield Battery, Stalker  
  73  6:29  Stalker  
  73  6:31  Observer  
  72  6:34  Stalker  
  66  6:45  Stalker, Probe  
  66  6:46  Probe  
  56  6:53  Stalker  
  55  6:58  Probe  
  55  6:59  Stalker  
  55  7:00  Observer  
  59  7:01  Probe x2  
  56  7:10  Stalker  
  56  7:14  Probe x3  
  60  7:19  Stalker  
  57  7:27  Dark Templar  
  57  7:29  Probe  
  57  7:30  Probe  
  57  7:35  Stalker  
  57  7:36  Probe  
  57  7:41  Probe  
  57  7:42  Probe  
  57  7:43  Gateway  
  59  7:44  Gateway  
  59  7:47  Gateway, Stalker  
  59  7:48  Gateway  
  61  7:52  Gateway  
  61  7:53  Probe  
  61  7:57  Pylon  
  60  8:08  Stalker x2  
  60  8:12  Shield Battery  
  62  8:14  Pylon  
  62  8:15  Stalker  
  62  8:16  Pylon, Warp Prism (Chrono Boost)  
  65  8:22  Probe x2  
  65  8:24  Observer  
  65  8:26  Probe  
  64  8:39  Templar Archives  
  64  8:41  Stalker x4  
  64  8:47  Zealot x2  
  76  8:52  Zealot x2  
  80  9:05  Dark Templar x2  
  80  9:06  Zealot x2  
  80  9:08  Zealot x2  
  80  9:09  Archon  
  92  9:12  Zealot x2  
  96  9:22  Psionic Storm  
  80  9:32  Zealot x2  
  80  9:35  High Templar, Zealot x4  
  80  9:37  Assimilator  
  94  9:44  Assimilator, Probe x3  
  97  9:47  High Templar  
  99  9:58  Nexus, Dark Templar  
  99  9:59  Pylon  
  101  10:06  Zealot x3  
  105  10:10  Zealot x2  
  109  10:15  High Templar  
  111  10:22  Shield Battery  
  111  10:23  Stalker  
  111  10:25  Shield Battery  
  111  10:28  Dark Templar  
  113  10:31  Zealot x2  
  113  10:32  Zealot x2  
  119  10:39  Zealot  
  110  10:56  Archon  
  98  10:58  Zealot x6  
  98  11:02  Forge  
  98  11:03  Forge  
  110  11:11  Warp Prism (Chrono Boost)  
  100  11:15  High Templar x2  
  100  11:17  Probe (Chrono Boost)  
  99  11:23  High Templar x2, Zealot  
  99  11:24  Zealot x2  
  99  11:25  Probe (Chrono Boost)  
  95  11:26  Probe (Chrono Boost)  
  95  11:27  Probe (Chrono Boost)  
  95  11:31  Probe (Chrono Boost)  
  97  11:34  Probe  
  97  11:35  Probe x2  
  97  11:37  Stalker  
  102  11:40  Observer  
  102  11:43  Probe  
  102  11:46  Probe  
  105  11:47  Zealot, Probe  
  105  11:48  Dark Templar  
  105  11:51  Zealot x3  
  116  11:58  Dark Templar  
  116  12:00  Zealot x2  
  122  12:02  Probe x3  
  122  12:04  Probe  
  122  12:06  Observer  
  126  12:09  Zealot  
  126  12:12  Zealot x2  
  124  12:16  Zealot  
  124  12:22  Zealot x3  
  117  12:35  Archon  
  117  12:36  Archon  
  111  12:39  Zealot x5  
  111  12:42  Zealot x3  
Show
View Real Time Build Order
Export as new Build Order

HeroMarine Terran - Winner!

Build Orders: Reaper Expand 

Get SALT Encoding   

  12  0:00  SCV  
  13  0:12  SCV  
  14  0:17  Supply Depot  
  14  0:24  SCV  
  15  0:38  SCV  
  15  0:40  Barracks  
  16  0:42  Refinery  
  16  0:50  SCV  
  17  1:03  SCV  
  18  1:15  SCV  
  19  1:27  Reaper, Orbital Command  
  20  1:46  Command Center  
  20  1:51  Supply Depot  
  21  1:54  SCV  
  21  1:59  Marine  
  22  2:06  SCV  
  23  2:10  Factory  
  23  2:19  Bunker  
  23  2:20  SCV  
  24  2:23  Bunker, Barracks Reactor  
  24  2:32  SCV  
  24  2:34  Refinery  
  25  2:44  SCV  
  26  2:55  Hellion  
  26  2:56  SCV  
  29  3:00  Orbital Command  
  29  3:01  Starport  
  29  3:03  Marine  
  29  3:08  Marine  
  29  3:11  SCV  
  31  3:19  Widow Mine  
  33  3:20  Marine  
  33  3:23  SCV  
  33  3:25  Marine  
  33  3:26  SCV  
  37  3:34  Supply Depot  
  37  3:35  SCV  
  37  3:37  Medivac  
  37  3:38  SCV  
  37  3:40  Widow Mine  
  43  3:43  Marine x2  
  43  3:48  SCV  
  46  3:56  SCV  
  46  3:58  Refinery  
  46  3:59  Supply Depot  
  46  4:00  SCV  
  46  4:01  Marine x2  
  46  4:02  Factory Tech Lab  
  50  4:08  SCV  
  51  4:10  Starport Tech Lab  
  51  4:14  Engineering Bay  
  51  4:16  SCV  
  52  4:19  Marine x2  
  52  4:20  SCV  
  52  4:22  Siege Tank  
  58  4:25  Supply Depot  
  58  4:29  SCV  
  59  4:32  SCV  
  59  4:36  Raven  
  62  4:45  Supply Depot  
  62  4:47  Marine x2, SCV x2  
  66  4:53  Missile Turret  
  66  4:58  Siege Tank  
  70  5:07  Marine, Missile Turret  
  70  5:11  Supply Depot  
  70  5:12  Marine  
  71  5:16  SCV  
  71  5:19  Banshee  
  75  5:22  SCV  
  75  5:25  Marine  
  77  5:29  Marine  
  77  5:32  Siege Tank  
  77  5:34  SCV  
  77  5:35  SCV  
  83  5:36  Supply Depot  
  81  5:42  Marine  
  81  5:46  SCV  
  81  5:47  Marine, SCV  
  83  6:01  Command Center  
  83  6:02  Raven  
  85  6:05  Barracks  
  85  6:07  Marine x2  
  87  6:12  Siege Tank  
  87  6:15  SCV x2  
  86  6:26  Marine x2  
  86  6:27  Barracks, SCV x2  
  83  6:39  SCV x2  
  81  6:44  Siege Tank  
  81  6:46  Marine x2  
  81  6:51  SCV x2  
  82  6:56  Starport Reactor  
  77  7:02  Marine  
  77  7:03  Marine, SCV x2  
  77  7:05  Barracks  
  77  7:07  Barracks  
  78  7:15  SCV x2  
  79  7:16  Siege Tank  
  77  7:25  Marine x2  
  77  7:26  Marine, Stimpack  
  77  7:27  SCV x2, Barracks Tech Lab  
  77  7:39  SCV x2  
  77  7:41  Orbital Command  
  77  7:43  Marine x2, Terran Infantry Weapons Level 1  
  80  7:46  Refinery  
  80  7:48  Marine, Combat Shield, Siege Tank  
  83  7:51  SCV  
  83  7:54  SCV  
  83  7:58  Barracks Tech Lab, Barracks Reactor  
  83  7:59  Medivac  
  83  8:03  Marine x3, SCV  
  89  8:06  SCV  
  89  8:11  Marine, Orbital Command  
  88  8:16  SCV  
  88  8:18  SCV  
  90  8:20  Marine x2  
  90  8:21  Marine x2, Barracks, Supply Depot  
  90  8:22  Barracks  
  94  8:28  SCV  
  94  8:30  SCV  
  93  8:34  Concussive Shells, Marine x3  
  93  8:36  Medivac x2  
  93  8:39  Refinery  
  100  8:44  Bunker, Refinery  
  100  8:47  Supply Depot  
  106  8:48  Marauder x2  
  106  8:49  Siege Tank, Supply Depot  
  106  8:50  Marine x2  
  106  8:52  Marine x3  
  112  8:57  SCV x3  
  112  9:00  Missile Turret x2  
  115  9:08  Marine x2  
  115  9:09  Supply Depot, Medivac  
  123  9:10  Marine x2, Marauder x2  
  123  9:11  Medivac  
  123  9:13  Barracks Tech Lab x2  
  123  9:15  Marauder, Supply Depot  
  126  9:25  Marine  
  126  9:31  Marauder x2  
  126  9:34  Marauder  
  126  9:35  Marine  
  126  9:36  Marauder  
  131  9:42  Marauder, Armory  
  131  9:43  Engineering Bay  
  131  9:45  Marine x2  
  132  9:46  Marine, Factory Reactor  
  137  9:52  Marauder  
  137  9:53  Marauder, Marine  
  137  9:56  Marauder  
  137  9:58  Marauder  
  142  10:01  Medivac x2  
  142  10:02  Marine  
  142  10:04  Marauder  
  142  10:07  Marine x2  
  147  10:11  Marine  
  154  10:14  Marauder x2, Ghost Academy  
  154  10:16  Marine  
  154  10:19  Marauder  
  157  10:25  Marauder  
  154  10:30  Missile Turret  
  154  10:31  Medivac  
  156  10:41  Supply Depot x2  
  156  10:44  Marauder  
  156  10:46  Marauder  
  156  10:48  Marauder, Medivac  
  157  10:50  Widow Mine, Marauder  
  157  10:52  Widow Mine, Marauder  
  138  10:59  Terran Infantry Armor Level 1  
  138  11:00  Terran Ship Weapons Level 1  
  138  11:01  Medivac  
  133  11:05  Marauder  
  133  11:07  Marauder  
  133  11:09  Marauder  
  133  11:10  Marine x2  
  141  11:11  Marine x2, Marauder  
  141  11:13  Widow Mine  
  133  11:25  Marauder  
  133  11:27  Marauder  
  133  11:28  Widow Mine, Marine x2, Marauder  
  133  11:29  Marine  
  133  11:30  Marine  
  133  11:31  Marauder  
  133  11:32  Marine  
  145  11:34  Widow Mine  
  145  11:35  Enhanced Shockwaves  
  150  11:47  Marauder  
  150  11:48  Marauder  
  150  11:49  Ghost  
  150  11:50  Ghost  
  150  11:52  Marauder  
  150  11:54  Widow Mine, Marine  
  160  11:56  Marine x2  
  160  11:58  Marine  
  166  12:08  Marauder  
  166  12:09  Marine  
  166  12:12  Marine  
  166  12:14  Marauder  
  166  12:15  Marine x3  
  171  12:19  Marauder  
  172  12:29  Marine  
  172  12:33  Widow Mine, Marine, Marauder  
  172  12:34  Widow Mine, Marauder  
  172  12:35  Marauder x2  

Tags
 
Add a new tag
Caveats
  • Supply blocks, unpowered buildings, or Contaminate may cause inaccurate times.
  • Supply counts are checked every 10 seconds.